 Dungeon Crawl Stone Soup version 0.20-a0-823-gdec668e (webtiles) character file.

413 kuniqs the Shield-Bearer (level 6, -2/33 HPs)
             Began as a Vine Stalker Fighter on Mar 5, 2017.
             Slain by an orc
             ... wielding a +0 dagger
              (3 damage)
             ... on level 4 of the Dungeon.
             The game lasted 00:04:28 (2621 turns).

kuniqs the Shield-Bearer (Vine Stalker Fighter)     Turns: 2621, Time: 00:04:29

Health: -2/33      AC:  6    Str: 23    XL:     6   Next: 90%
Magic:  0/7        EV: 12    Int:  8    God:
Gold:   96         SH:  5    Dex: 16    Spells: 5/5 levels left

rFire    . . .     SeeInvis .   a - +0 rapier
rCold    . . .     Gourm    .   r - +0 ring mail (curse)
rNeg     . . .     Faith    .   g - +0 buckler
rPois    .         Spirit   +   (no helmet)
rElec    .         Reflect  .   h - +0 cloak
rCorr    .         Harm     .   (no gloves)
MR       .....                  (no boots)
Stlth    +.........             (no amulet)
Regen    0.6/turn               (no ring)
MPRegen  0.1/turn               (no ring)

@: mighty
A: fangs 2, regeneration 1, magic shield, antimagic bite, no potion heal 3, rot
immunity
a: no special abilities


You were on level 4 of the Dungeon.
You were not hungry.

You visited 1 branch of the dungeon, and saw 4 of its levels.

You collected 96 gold pieces.

Inventory:

Hand Weapons
 a - a +0 rapier (weapon)
Missiles
 k - 2 throwing nets (quivered)
Armour
 c - a +0 shield
 g - a +0 buckler (worn)
 h - a +0 cloak (worn)
 r - a cursed +0 ring mail (worn)
Scrolls
 b - a scroll of magic mapping {unknown}
 i - 2 scrolls of teleportation {unknown}
 n - 5 scrolls of remove curse {@r2}
 s - a scroll of amnesia {unknown}
Potions
 j - a potion of degeneration {unknown}
 l - a potion of agility
 m - a potion of magic {unknown}
 o - a potion of might
Comestibles
 d - 2 bread rations
 e - a meat ration
 f - 5 fruits
 p - 2 royal jellies


   Skills:
 + Level 3.6 Fighting
 + Level 3.2 Short Blades
 + Level 3.4 Armour
 + Level 2.6 Dodging
 + Level 3.8 Shields


You had 5 spell levels left.
You didn't know any spells.

Dungeon Overview and Level Annotations

Branches:
Dungeon (4/15)
 Temple: D:4-7

Altars:
Fedhas
Trog


Innate Abilities, Weirdness & Mutations

You have extremely sharp teeth.
Your natural rate of healing is unusually fast.
When hurt, damage is shared between your health and your magic reserves.
Your bite disrupts and absorbs the magic of your enemies.
Potions cannot restore your health.
You are immune to rotting.


Message History

You closely miss the orc priest. You bite the orc priest. You drain its power.
You feel invigorated. The orc hits you.
The orc priest invokes the aid of Beogh against you.
Beogh smites you!
You hit the orc priest. Your bite misses the orc priest.
The orc barely misses you.
The orc priest looks braver for a moment.
You hit the orc priest but do no damage.
You bite the orc priest. You drain its power.
You feel invigorated. You block the orc's attack. The orc barely misses you.
The orc priest invokes the aid of Beogh against you.
Beogh smites you!
* * * LOW HITPOINT WARNING * * *
You barely miss the orc priest. Your bite misses the orc priest.
You block the orc's attack. The orc barely misses you.
The orc priest hits you with a hand axe.
* * * LOW HITPOINT WARNING * * *
You feel very mighty all of a sudden. You block the orc's attack.
The orc hits you with a dagger.
You die...

...# ### P..##### ..# #..
♣......# ... ♣.♣ ♣..###.# #..
♣♣♣.♣ P#.###.## #.# ♣♣PP.P
##......# ##.## ♣PP... ...###..##
#S..# ##♣♣P.... ##.###...# #oo.#
#......⌠. .#.......# #@o.#
#.♣♣P.... .#.#.#...#
####...######.♣♣PP...
.#.#.#...###♣.♣.♣.♣....##..♣♣PP.P
.).........................♣♣♣♣.♣
.#.####...##♣.♣.♣.♣....##....♣♣.♣
.#[#...###.##......######.##.##.#
.#.....# #.#♣.♣.♣.♣# #.##.##.#
####...###.##......# #.##....#
##.#...##♣#♣#♣.♣# #.#####.#


You could see an orc priest, an adder and 2 orcs.

Vanquished Creatures
  Edmund (D:4)
  4 orc wizards
  Crazy Yiuf (D:3)
  An iguana (D:4)
  4 adders
  An ooze (D:2)
  3 worms
  A dart slug (D:4)
  A leopard gecko (D:1)
  9 orcs
  2 giant cockroaches
  7 goblins
  9 hobgoblins
  3 jackals (D:1)
  2 quokkas
  7 bats
  4 frilled lizards
  8 kobolds
  10 rats
78 creatures vanquished.

Notes
Turn   | Place    | Note
-------+----------+-------------------------------------------
     0 | D:1      | kuniqs the Vine Stalker Fighter began the quest for the Orb.
     0 | D:1      | Reached XP level 1. HP: 11/11 MP: 2/2
    43 | D:1      | Reached XP level 2. HP: 16/16 MP: 3/3
   380 | D:1      | Reached skill level 1 in Dodging
   598 | D:1      | Reached XP level 3. HP: 18/19 MP: 2/4
  1055 | D:2      | Gained mutation: Your natural rate of healing is unusually fast. [Vine Stalker growth]
  1055 | D:2      | Reached XP level 4. HP: 20/23 MP: 5/5
  1211 | D:2      | Found a bloodstained altar of Trog.
  1354 | D:3      | Found a blossoming altar of Fedhas.
  1577 | D:3      | Reached XP level 5. HP: 28/28 MP: 6/6
  2145 | D:3      | Found a runed door.
  2221 | D:3      | Noticed Crazy Yiuf
  2232 | D:3      | Killed Crazy Yiuf
  2286 | D:4      | Reached XP level 6. HP: 31/32 MP: 7/7
  2489 | D:4      | Noticed Edmund
  2527 | D:4      | Killed Edmund
  2620 | D:4      | HP: 1/33 [orc priest/hand axe (2)]
  2621 | D:4      | Slain by an orc

Vault maps used:
D:1:      onia_arrival_larder
D:2:      trog_book
D:3:      first_bread, hangedman_decor_peaks_small, fedhas_altar_3,
          uniq_crazy_yiuf_cottage
D:4:      serial_forest, infiniplex_forest_fountain,
          infiniplex_forest_lined_room_2, infiniplex_forest_clump_double,
          infiniplex_forest_clump_double, infiniplex_forest_clump_tiny,
          uniq_edmund, uniq_purgy

Skill      XL: |  1  2  3  4  5  6 |
---------------+-------------------+-----
Short Blades   | 2 3 |  3.2
Dodging        | 1 2 |  2.6
Shields        | 3 |  3.8
Fighting       | 3 |  3.6
Armour         | 3 |  3.4

Action                   |  1- 3 |  4- 6 || total
-------------------------+-------+-------++-------
Melee: Rapier            |   107 |   185 ||   292
       Bite              |    26 |    61 ||    87
  Use: Scroll            |     4 |     2 ||     6
       Potion            |       |     1 ||     1
  Eat: Chunk             |     1 |     5 ||     6
Armor: Scale mail        |    42 |    57 ||    99
       Ring mail         |       |     4 ||     4
Dodge: Dodged            |    42 |    82 ||   124
Block: Buckler           |    15 |    45 ||    60
       Shield            |     5 |       ||     5
